 Dungeon Crawl Stone Soup version 0.25.0-11-g1f837a76a1 (webtiles) character file.

Game seed: 8482462446107643687

2870 dancewithme the Fighter (level 9, -4/100 HPs)
             Began as an Ogre Fire Elementalist on June 27, 2020.
             Was a Follower of Vehumet.
             Killed from afar by a hell hound (14 damage)
             ... with a blast of flame
             ... on level 8 of the Dungeon.
             The game lasted 00:19:15 (9039 turns).

dancewithme the Fighter (Ogre Fire Elementalist)    Turns: 9039, Time: 00:19:16

Health: -4/100     AC:  4    Str: 16    XL:     9   Next: 76%
Magic:  17/17      EV: 14    Int: 19    God:    Vehumet [*.....]
Gold:   386        SH:  0    Dex:  9    Spells: 8/19 levels left

rFire    . . .     SeeInvis .   f - +0 whip (freeze)
rCold    . . .     Gourm    .   (no shield)
rNeg     + . .     Faith    .   a - +0 robe
rPois    .         Spirit   .   (helmet restricted)
rElec    .         Reflect  .   (no cloak)
rCorr    .         Harm     .   (gloves unavailable)
MR       .....                  (boots unavailable)
Stlth    +.........             F - amulet of regeneration
HPRegen  0.66/turn              r - ring of positive energy
MPRegen  0.15/turn              n - +4 ring of evasion

@: no status effects
A: large, unfitting armour, rugged brown scales 1, sense surroundings 1, strong
1, tough skin 1, wild magic 1
a: Renounce Religion


You were on level 8 of the Dungeon.
You worshipped Vehumet.
Vehumet was aware of your devotion.
You were not hungry.

You visited 2 branches of the dungeon, and saw 9 of its levels.

You collected 386 gold pieces.

Inventory:

Hand Weapons
 b - a +0 morningstar
 f - a +0 whip of freezing (weapon)
 s - a +4 dagger
 w - a +1 short sword of flaming
Missiles
 k - 36 poisoned darts (quivered)
Armour
 a - a +0 robe (worn)
 e - a +0 kite shield
Jewellery
 n - a +4 ring of evasion (right hand)
 r - a ring of positive energy (left hand)
 F - an amulet of regeneration (around neck)
Wands
 y - a wand of random effects (12)
 B - a wand of iceblast (2)
Scrolls
 d - a scroll of magic mapping
 g - 5 scrolls of remove curse
 h - 2 scrolls of enchant weapon
 i - a scroll of fog {unknown}
 m - a scroll of torment {unknown}
 o - 2 scrolls of immolation
 q - a scroll of fear {unknown}
 x - 3 scrolls of teleportation {unknown}
 A - a scroll of blinking {unknown}
Potions
 j - 2 potions of stabbing {unknown}
 l - a potion of invisibility {unknown}
 p - a potion of haste
 t - a potion of might {unknown}
 u - 3 potions of curing
 v - a potion of mutation
 z - a potion of berserk rage {unknown}
 C - a potion of flight
 D - a potion of heal wounds {unknown}
Comestibles
 c - 14 rations
 E - 3 chunks of flesh


   Skills:
 - Level 9.3 Fighting
 - Level 1.7 Dodging
 - Level 1.4 Stealth
 - Level 5.5 Spellcasting
 + Level 7.2 Conjurations
 + Level 6.3 Fire Magic


You had 8 spell levels left.
You knew the following spells:

 Your Spells              Type           Power        Failure   Level  Hunger
a - Foxfire               Conj/Fire      ####         1%          1    None
b - Sticky Flame          Conj/Fire      #####...     12%         4    ####...
c - Conjure Flame         Conj/Fire      #####...     4%          3    ##.....
d - Mephitic Cloud        Conj/Pois/Air  ###.....     19%         3    ##.....

Your spell library contained the following spells:

 Spells                   Type           Power        Failure   Level  Hunger
 Sandblast                Erth           #.....       17%         1    None
 Inner Flame              Hex/Fire       ###.....     14%         3    ##.....
 Infusion                 Chrm           #...         17%         1    None
 Sting                    Tmut/Pois      #...         17%         1    None
 Ignite Poison            Fire/Tmut/Pois ###.....     22%         3    ##.....
 Poisonous Vapours        Pois/Air       #.....       26%         2    None
 Shroud of Golubria       Chrm/Tloc      #.....       26%         2    None
 Song of Slaying          Chrm           #.......     26%         2    None
 Fireball                 Conj/Fire      #####.....   28%         5    #####..
 Ozocubu's Armour         Chrm/Ice       #.......     43%         3    ##.....
 Spectral Weapon          Hex/Chrm       #.......     43%         3    ##.....
 Olgreb's Toxic Radiance  Pois           #.......     82%         4    ####...


Dungeon Overview and Level Annotations

Branches:
Dungeon (8/15)             Temple (1/1) D:7            Lair (0/6) D:8

Altars:
Cheibriados
Dithmenos
Fedhas
Hepliaklqana
Kikubaaqudgha
Nemelex Xobeh
Sif Muna
Uskayaw
Vehumet
Wu Jian
Zin
The Shining One
Lugonu

Shops:
D:4 *


Innate Abilities, Weirdness & Mutations

You are too large for most types of armour.
You have tough skin. (AC +1)
You are partially covered in rugged brown scales. (AC +1, +3% HP)
You passively map a small area around you.
Your muscles are strong. (Str +2)
Your spells are a little harder to cast, but a little more powerful.


Message History

* * * LOW HITPOINT WARNING * * *
A fire bat comes into view.
You hit the hell hound but do no damage.
The hell hound is almost dead.
The hell hound stops to sniff the ground.
The hell hound barely misses you. The hell hound closely misses you.
You closely miss the hell hound.
The hell hound is almost dead.
The hell hound bites you!
* * * LOW HITPOINT WARNING * * *
The hell hound bites you but does no damage.
You hit the hell hound but do no damage.
The hell hound is almost dead.
The hell hound bites you.
* * * LOW HITPOINT WARNING * * *
You closely miss the hell hound.
The hell hound is almost dead.
The hell hound breathes flames at you. The blast of flame hits you!
You die...

* , ,* **
### *.#
##.#### ,
#.# #.#..'#
**#.#
##b###.§....
#.### #h#
*,.≈≈≈≈
#.##. #@#
≈≈§v, #....
#.# ,≈ v..
##..#. #.#
.# #...#.
#.# * ≈, §
##.... #.#
,* , #..#.
#.####
######..#.
#.##.#
#.........
#.##.#
##.###.##.
#.##.### #.#
#.##.


You could see a hell hound (catching breath) and a fire bat.

Vanquished Creatures
  Grinder (D:4)
  A fire bat (D:8)
  Menkaure (D:5)
  A steam dragon (D:8)
  2 porcupines (D:8)
  A water moccasin (D:4)
  2 orc warriors
  2 ice beasts (D:6)
  3 ogres
  6 bullfrogs
  A big kobold (D:7)
  3 crimson imps
  A centaur zombie (D:7)
  5 hounds
  A centaur skeleton (D:4)
  2 orc priests
  6 orc wizards
  A bullfrog skeleton (D:7)
  An iguana (D:8)
  Terence (D:3)
  3 worker ants
  A worker ant zombie (D:7)
  7 adders
  A shadow imp (D:8)
  2 worms (D:3)
  A dart slug (D:2)
  7 leopard geckos
  24 orcs
  4 giant cockroaches
  8 goblins
  6 hobgoblins
  21 jackals
  3 quokkas
  8 bats
  4 frilled lizards
  A jackal zombie (D:8)
  10 kobolds
  6 rats
  A demonic plant (Temple)
160 creatures vanquished.

Vanquished Creatures (others)
  A human (D:7)
  384 foxfires
  9 fungi (D:8)
  2 plants (D:8)
396 creatures vanquished.

Grand Total: 556 creatures vanquished

Notes
Turn   | Place    | Note
-------+----------+-------------------------------------------
     0 | D:1      | dancewithme the Ogre Fire Elementalist began the quest for
                  | the Orb.
     0 | D:1      | Reached XP level 1. HP: 16/16 MP: 3/3
   212 | D:1      | Reached XP level 2. HP: 5/24 MP: 1/5
   850 | D:1      | Reached XP level 3. HP: 23/31 MP: 1/6
  1305 | D:2      | Reached XP level 4. HP: 35/39 MP: 1/7
  1589 | D:2      | HP: 1/39 [jackal (2)]
  1615 | D:2      | Found a blossoming altar of Fedhas.
  1905 | D:2      | Found a shimmering blue altar of Sif Muna.
  2203 | D:2      | Found a shadowy altar of Dithmenos.
  2203 | D:2      | Found a sparkling altar of Nemelex Xobeh.
  2210 | D:2      | Reached skill level 1 in Conjurations
  2387 | D:2      | Reached XP level 5. HP: 43/45 MP: 4/8
  2870 | D:3      | Noticed Terence
  2879 | D:3      | Killed Terence
  3269 | D:3      | Reached XP level 6. HP: 42/53 MP: 4/9
  3466 | D:3      | Found a hide-covered altar of Uskayaw.
  4215 | D:4      | Noticed Grinder
  4291 | D:3      | Learned a level 4 spell: Sticky Flame
  4492 | D:3      | Learned a level 3 spell: Conjure Flame
  4752 | D:4      | Gained mutation: You passively map a small area around you.
                  | [potion of mutation]
  4752 | D:4      | Gained mutation: You are partially covered in rugged brown
                  | scales. (AC +1, +3% HP) [potion of mutation]
  4752 | D:4      | Gained mutation: Your muscles are strong. (Str +2) [potion
                  | of mutation]
  4752 | D:4      | Gained mutation: Your spells are a little harder to cast,
                  | but a little more powerful. [potion of mutation]
  4753 | D:4      | Paralysed by Grinder for 5 turns
  4756 | D:4      | HP: 2/54 [Grinder (1)]
  4766 | D:4      | Killed Grinder
  4766 | D:4      | Reached skill level 4 in Fighting
  4766 | D:4      | Reached XP level 7. HP: 22/73 MP: 7/12
  5136 | D:4      | Found Padwyevu's General Store.
  5341 | D:5      | Entered Level 5 of the Dungeon
  5548 | D:5      | Noticed Menkaure
  5555 | D:5      | Killed Menkaure
  5555 | D:5      | Reached skill level 5 in Spellcasting
  5555 | D:5      | Reached XP level 8. HP: 81/81 MP: 7/16
  5669 | D:5      | Reached skill level 5 in Fighting
  5841 | D:5      | Reached skill level 6 in Fighting
  6167 | D:5      | Reached skill level 7 in Fighting
  6450 | D:5      | Found a radiant altar of Vehumet.
  6459 | D:5      | Became a worshipper of Vehumet
  6630 | D:6      | Reached skill level 8 in Fighting
  6948 | D:6      | Reached skill level 9 in Fighting
  7004 | D:6      | Learned a level 3 spell: Mephitic Cloud
  7137 | D:6      | Reached skill level 5 in Fire Magic
  7206 | D:6      | Reached XP level 9. HP: 100/100 MP: 14/17
  7408 | D:7      | Found a staircase to the Ecumenical Temple.
  7422 | Temple   | Entered the Ecumenical Temple
  7498 | D:7      | Found a hazy altar of Hepliaklqana.
  7566 | D:7      | Reached skill level 5 in Conjurations
  8376 | D:7      | Found an ancient bone altar of Kikubaaqudgha.
  8417 | D:7      | Found a glowing silver altar of Zin.
  8561 | D:8      | Reached * piety under Vehumet
  8561 | D:8      | Offered knowledge of Sandblast by Vehumet.
  9039 | D:8      | Killed from afar by a hell hound

Illustrated notes

Levels and vault maps discovered:
D:1:      dpeg_arrival_round_a, layout_basic
D:2:      layout_basic, led_sif_pool, fedhas_altar_2, grunt_temple_overflow_open
D:3:      layout_loops_ring, lemuel_coloured_pillars_altar, uniq_terence
D:4:      layout_rooms, first_ration, serial_shops, kennysheep_mini,
          uniq_grinder
D:5:      layout_basic, lemuel_crystal_altar, uniq_menkaure
D:6:      layout_loops_ring
D:7:      layout_loops_ring, kennysheep_mini_moat, zin_treasury,
          minmay_temple_entry_offerings, tgw_kikubaaqudgha
D:8:      minmay_spotlight, layout_loops_ring, grunt_gozag_breadcrumbs,
          grunt_lair_entry_orc_guard_hut, hangedman_little_slice_of_home,
          hangedman_incinerator
Temple:   kb_corrupted_temple

Skill      XL: |  1  2  3  4  5  6  7  8  9 |
---------------+----------------------------+-----
Fire Magic     | 3 4 5 6 |  6.3
Conjurations   | 1 3 4 7 |  7.2
Spellcasting   | 3 5 |  5.5
Fighting       | 4 9 |  9.3
Dodging        | |  1.7
Stealth        | |  1.4

Action                   |  1- 3 |  4- 6 |  7- 9 || total
-------------------------+-------+-------+-------++-------
Melee: Unarmed           |    21 |     3 |       ||    24
       Whip              |       |   161 |   145 ||   306
       Short sword       |       |       |    84 ||    84
 Cast: Foxfire           |    42 |    95 |   108 ||   245
       Sticky Flame      |       |     2 |     9 ||    11
       Conjure Flame     |       |     1 |     1 ||     2
Evoke: Wand              |       |       |     2 ||     2
  Use: Scroll            |       |     2 |     3 ||     5
       Potion            |       |     5 |       ||     5
 Stab: Sleeping          |       |     3 |     1 ||     4
  Eat: Chunk             |     2 |    11 |    13 ||    26
       Ration            |       |       |     1 ||     1
Armor: Robe              |    13 |    49 |    49 ||   111
Dodge: Dodged            |    31 |   151 |   167 ||   349
